 Dungeon Crawl Stone Soup version 0.30-b1-2-g02819fbbbe (webtiles) character file.

Game seed: 13921591127622170842

9115 Metae the Protected (level 11, -2/99 HPs)
             Began as a Minotaur Fighter on June 30, 2023.
             Was a Priest of Uskayaw.
             Slain by a +1 trident of chaos (6 damage)
             ... on level 10 of the Dungeon.
             The game lasted 00:33:21 (12682 turns).

Metae the Protected (Minotaur Fighter)             Turns: 12682, Time: 00:33:21

Health: -2/99      AC: 20    Str: 25    XL:     11   Next: 18%
Magic:  10/11      EV: 17    Int:  5    God:    Uskayaw [***...]
Gold:   155        SH: 11    Dex: 10    Spells: 10/10 levels left

rFire   + . .        g - +3 dagger (venom)
rCold   + . .        c - +0 buckler
rNeg    . . .        i - +2 scale mail {Will+}
rPois   +            (helmet restricted)
rElec   +            N - +1 cloak {rCorr}
rCorr   +            H - +0 pair of gloves
SInv    .            t - +0 pair of boots
Will    +....        s - amulet of reflection Stlth
                     A - +4 ring of protection
HPRegen 0.36/turn    m - ring of flight
MPRegen 0.12/turn

%: reflection
@: mighty, agile, resistant, flying
A: horns 2, retaliatory headbutt
a: Renounce Religion, Stomp, Line Pass


You were on level 10 of the Dungeon.
You worshipped Uskayaw.
Uskayaw was noncommittal.
You visited 1 branch of the dungeon, and saw 10 of its levels.

You collected 628 gold pieces.
You spent 473 gold pieces at shops.

Inventory:

Hand Weapons
 g - a +3 dagger of venom (weapon)
 R - a +1 dagger of electrocution
Missiles
 k - 4 javelins
 w - 3 silver javelins
 y - 11 boomerangs
 B - 29 poisoned darts (quivered)
 L - a throwing net
Armour
 c - a +0 buckler (worn)
 i - a +2 scale mail of willpower (worn)
 t - a +0 pair of boots (worn)
 H - a +0 pair of gloves (worn)
 N - a +1 cloak of preservation (worn)
 Q - a +2 chain mail of fire resistance
Jewellery
 m - a ring of flight (right hand)
 s - an amulet of reflection (around neck)
 A - a +4 ring of protection (left hand)
 K - a ring of protection from fire
Wands
 a - a wand of flame (15)
 q - a wand of polymorph (20)
 E - a wand of mindburst (6)
 O - a wand of paralysis (4)
Scrolls
 e - 2 scrolls of fear
 f - 3 scrolls of teleportation
 h - 3 scrolls of immolation
 j - 3 scrolls of poison
 n - a scroll of enchant armour
 p - 2 scrolls of amnesia
 u - 5 scrolls of magic mapping
 v - 3 scrolls of enchant weapon
 x - 3 scrolls of fog
 z - a scroll of noise
 C - a scroll of butterflies
 D - 2 scrolls of vulnerability
 I - 2 scrolls of identify
Potions
 b - 7 potions of curing
 d - 8 potions of might
 l - 2 potions of invisibility
 o - 3 potions of flight
 r - 2 potions of degeneration
 F - a potion of cancellation {unknown}
 G - a potion of ambrosia {unknown}
 J - a potion of berserk rage
 S - a potion of haste {unknown}


   Skills:
 + Level 10.0 Fighting
 + Level 8.8 Short Blades
 + Level 10.0 Armour
 + Level 8.4 Dodging
 + Level 10.0 Shields
 + Level 2.4 Invocations


You had 10 spell levels left.
You didn't know any spells.
Your spell library contained the following spells:

 Spells                   Type           Power      Damage    Failure   Level
 Ensorcelled Hibernation  Hex/Ice        0%         N/A       88%         2
 Ignite Poison            Fire/Tmut/Pois 0%         N/A       98%         3
 Spider Form              Tmut/Pois      0%         N/A       98%         3
 Anguish                  Hex/Necr       0%         N/A       100%        4
 Sticky Flame             Conj/Fire      0%         2d3       100%        4
 Ignition                 Fire           0%         3d3       100%        8


Dungeon Overview and Level Annotations

Branches:
Dungeon (10/15)            Temple (0/1) D:7
   Lair: D:8-11         Orc: D:9-12

Altars:
Cheibriados
Dithmenos
Hepliaklqana
Makhleb
Nemelex Xobeh
Qazlal
Uskayaw
Xom
Zin
The Shining One

Shops:
D:6 *   D:9 (?


Innate Abilities, Weirdness & Mutations

You have a pair of horns on your head.
You reflexively headbutt those who attack you in melee.


Message History

You miss the +1 trident of chaos.
Your headbutt misses the +1 trident of chaos.
The +1 trident of chaos hits you but does no damage.
You are poisoned.
The +1 trident of chaos hits you! The +1 trident of chaos freezes you.
You barely miss the +1 trident of chaos.
Your headbutt misses the +1 trident of chaos.
You feel sick.
The +1 trident of chaos hits you but does no damage.
You puncture the +1 trident of chaos!
The +1 trident of chaos is moderately damaged.
You feel sick.
Uskayaw will force your foes to share their pain.
You barely miss the +1 trident of chaos.
The +1 trident of chaos is moderately damaged.
The +1 trident of chaos hits you but does no damage.
You feel protected.
You completely miss the +1 trident of chaos.
Your headbutt misses the +1 trident of chaos.
The +1 trident of chaos is moderately damaged.
You feel sick. The +1 trident of chaos hits you!
* * * LOW HITPOINT WARNING * * *
You hit the +1 trident of chaos.
Your headbutt misses the +1 trident of chaos.
The +1 trident of chaos is heavily damaged.
You feel sick. The +1 trident of chaos hits you!
* * * LOW HITPOINT WARNING * * *
The +1 trident of chaos freezes you.
* * * LOW HITPOINT WARNING * * *
Blink to where?
Press: ? - help, Dir - move target
As you read the scroll of blinking, it crumbles to dust.
You feel sick.
You feel better.
The +1 trident of chaos hits you from afar!
* * * LOW HITPOINT WARNING * * *
The +1 trident of chaos freezes you.
* * * LOW HITPOINT WARNING * * *
The +1 trident of chaos hits you from afar.
You die...

≈≈♣...♣#..............####..#...#
≈≈8._..'.................#......#
≈≈♣...♣##..#..#########..#......#
≈≈≈♣.♣###..#..........#######...#
#######.#.)#..........#.........#
........#..####.......#.........#
.####...#..#..#.......###########
....#...#.....#.......#.....#...#
....#...#.....#.@.....#.._..#...#
##..#####<..###..#######...##...#
...........)....(.....#.........#
......................#.........#
..................[...#.........#
......................#.........#
......................#.........#
......................#.........#
......................#.........#


You could see a +1 trident of chaos.

Vanquished Creatures
  A two-headed ogre (D:10)
  The ghost of darkwiz the Fighter, a novice DsCK of Xom (D:10)
  A manticore (D:10)
  Maurice (D:8)
  A kobold demonologist (D:10)
  A freezing wraith (D:10)
  2 hornets
  Sigmund (D:5)
  6 yaks (D:10)
  2 wraiths (D:9)
  2 wyverns
  Eustachio (D:5)
  Grum (D:8)
  Edmund (D:5)
  An acid dragon (D:10)
  A water moccasin (D:7)
  2 orc warriors
  An ice beast (D:7)
  A black bear (D:5)
  2 ogres
  4 centaurs
  2 wolves (D:8)
  A phantom (D:6)
  3 kobold brigands
  2 bullfrogs (D:8)
  2 gnoll sergeants
  A necrophage (D:4)
  4 scorpions
  8 wights (D:8)
  10 killer bees
  An electric eel (D:9)
  3 jellies
  2 gnoll boudas
  9 orc priests
  5 hounds
  4 iguanas
  Ijyb (D:4)
  12 orc wizards
  A hound skeleton (D:4)
  19 gnolls
  9 adders
  3 white imps
  An ufetubus (D:6)
  3 worms
  27 orcs
  7 bats
  4 endoplasms
  3 giant cockroaches
  6 goblins
  10 hobgoblins
  4 jackals (D:3)
  3 quokkas
  9 ball pythons
  20 kobolds
  A rat (D:1)
234 creatures vanquished.

Notes
Turn   | Place    | Note
-------+----------+-------------------------------------------
     0 | D:1      | Metae the Minotaur Fighter began the quest for the Orb.
     0 | D:1      | Reached XP level 1. HP: 19/19 MP: 0/0
   418 | D:1      | Reached XP level 2. HP: 27/27 MP: 1/1
  1092 | D:2      | Reached skill level 1 in Dodging
  1270 | D:2      | Reached XP level 3. HP: 26/33 MP: 2/2
  1397 | D:2      | Reached XP level 4. HP: 13/40 MP: 3/3
  1861 | D:2      | Found a faded altar of an unknown god.
  2010 | D:3      | Found a glowing silver altar of Zin.
  2117 | D:3      | Identified the +2 mace of Eternal Vigilance {freeze, Dex+3
                  | SInv}
  2242 | D:3      | Reached XP level 5. HP: 47/47 MP: 4/4
  2930 | D:4      | Noticed Ijyb
  2943 | D:4      | Killed Ijyb
  3072 | D:4      | Found a stormy altar of Qazlal.
  3125 | D:4      | Noticed an ogre
  3139 | D:4      | Killed an ogre
  3140 | D:4      | Reached XP level 6. HP: 6/55 MP: 5/5
  3468 | D:4      | Reached skill level 5 in Shields
  3621 | D:4      | Found a burning altar of Makhleb.
  3650 | D:4      | Reached skill level 5 in Fighting
  3650 | D:4      | Reached skill level 5 in Armour
  3952 | D:4      | Reached XP level 7. HP: 23/61 MP: 6/6
  4503 | D:5      | Entered Level 5 of the Dungeon
  4622 | D:5      | Noticed Sigmund
  4644 | D:5      | Killed Sigmund
  5159 | D:5      | Reached XP level 8. HP: 65/70 MP: 7/7
  5249 | D:5      | Noticed Eustachio
  5258 | D:5      | Killed Eustachio
  5259 | D:5      | Reached skill level 5 in Short Blades
  5396 | D:5      | You fall into a shaft and drop 2 floors!
  5736 | D:5      | Reached skill level 5 in Dodging
  5763 | D:5      | Noticed Edmund
  5784 | D:5      | Killed Edmund
  6374 | D:6      | Found a hide-covered altar of Uskayaw.
  6383 | D:6      | Became a worshipper of Uskayaw the Reveller
  6411 | D:6      | Reached * piety under Uskayaw
  6412 | D:6      | Reached XP level 9. HP: 76/79 MP: 8/8
  6442 | D:6      | Reached ** piety under Uskayaw
  6448 | D:6      | Reached *** piety under Uskayaw
  6941 | D:6      | Found Tasmidd's General Store.
  6956 | D:6      | Bought a potion of curing for 39 gold pieces
  7894 | D:7      | Found a staircase to the Ecumenical Temple.
  8119 | D:8      | Reached **** piety under Uskayaw
  8192 | D:8      | Reached ***** piety under Uskayaw
  8203 | D:8      | Reached ****** piety under Uskayaw
  8658 | D:8      | Noticed Grum
  8672 | D:8      | Killed Grum
  9008 | D:8      | Reached XP level 10. HP: 40/90 MP: 9/9
  9391 | D:8      | Noticed Maurice
  9410 | D:8      | Killed Maurice
  9845 | D:9      | Found Gopnuyss's Magic Scroll Emporium.
  9847 | D:9      | Found Baune's Antique Weapon Boutique.
  9895 | D:9      | Bought a scroll of blinking for 97 gold pieces
  9895 | D:9      | Bought 3 scrolls of identify for 78 gold pieces
  9895 | D:9      | Bought a scroll of teleportation for 39 gold pieces
  9895 | D:9      | Bought a scroll of magic mapping for 97 gold pieces
  9895 | D:9      | Bought a scroll of identify for 26 gold pieces
  9895 | D:9      | Bought a scroll of blinking for 97 gold pieces
 10550 | D:9      | Found a glowing golden altar of the Shining One.
 10733 | D:9      | Found a sparkling altar of Nemelex Xobeh.
 11063 | D:10     | Entered Level 10 of the Dungeon
 11255 | D:10     | Found a runed translucent door.
 11255 | D:10     | Found a shimmering altar of Xom.
 11255 | D:10     | Noticed darkwiz's ghost (novice DsCK)
 11256 | D:10     | Noticed a +1 trident of chaos
 11625 | D:10     | Found a shimmering altar of Xom.
 11640 | D:10     | Found a shadowy altar of Dithmenos.
 11676 | D:10     | Noticed a two-headed ogre
 11794 | D:10     | Killed a two-headed ogre
 11795 | D:10     | Reached skill level 1 in Invocations
 11954 | D:10     | Noticed an orange demon
 11957 | D:10     | Noticed a soul eater
 12140 | D:10     | Noticed a manticore
 12157 | D:10     | Killed a manticore
 12158 | D:10     | Reached XP level 11. HP: 92/99 MP: 11/11
 12339 | D:10     | Reached skill level 10 in Armour
 12501 | D:10     | Found a hazy altar of Hepliaklqana.
 12555 | D:10     | Found a snail-covered altar of Cheibriados.
 12664 | D:10     | Killed darkwiz's ghost
 12665 | D:10     | Reached skill level 10 in Fighting
 12665 | D:10     | Reached skill level 10 in Shields
 12673 | D:10     | HP: 3/99 [+1 trident of chaos (3)]
 12680 | D:10     | HP: 4/99 [+1 trident of chaos (8)]
 12682 | D:10     | Slain by a +1 trident of chaos

Illustrated notes

Levels and vault maps discovered:
D:1:      dpeg_arrival_chambers_temple_mockup, layout_basic
D:2:      layout_basic, dreamdust_ecumenical_altar_hidden_monk_grotto
D:3:      layout_basic, mainiacjoe_overflow_small_starburst
D:4:      layout_loops_corners, nicolae_qazlal_general_emergency,
          makhleb_blood_cavern_becter, nicolae_figureground_pulse, uniq_ijyb
D:5:      layout_basic, serial_glass, glass_columns_c, glass_columns_a,
          glass_columns_b, glass_columns_a, glass_columns_b, glass_columns_c,
          glass_columns_a, glass_columns_c, uniq_eustachio, uniq_sigmund,
          uniq_edmund
D:6:      layout_loops_corners, eat_drink_and_be_merry_uskayaw, serial_shops,
          nicolae_shop_advertising_works [nicolae_subvault_shop_adworks],
          dk_noncrumbling_2, st_stairs_4
D:7:      layout_loops_corners, minmay_temple_entry_from_below_a
D:8:      cheibrodos_iron_armory, layout_basic, chequers_serial_rivers_large_b,
          chequers_arboretum, uniq_maurice, uniq_grum
D:9:      layout_cave_pools, mainiacjoe_overflow_alcove_2,
          nemelex_diamond_rough_becter, kennysheep_cross_bottleneck,
          nicolae_wooded_promenade
D:10:     layout_grid_maze, mainiacjoe_overflow_alcove_1,
          mainiacjoe_overflow_catwalk_spiral, worldfamousw_hep_ancestral_shrine,
          ebering_ghost_xom

Skill      XL: |  1  2  3  4  5  6  7  8  9 10 11 |
---------------+----------------------------------+-----
Dodging        | 1 2 3 4 5 6 8 |  8.4
Fighting       | 4 5 6 7 8 9 10 | 10.0
Armour         | 4 5 6 7 8 9 10 | 10.0
Shields        | 4 5 6 7 8 9 10 | 10.0
Short Blades   | 3 4 6 7 8 |  8.8
Invocations    | 1 2 |  2.4

Action                     |  1- 3 |  4- 6 |  7- 9 | 10-12 || total
---------------------------+-------+-------+-------+-------++-------
  Melee: Rapier            |    85 |    12 |       |       ||    97
         Headbutt          |    12 |    50 |    99 |    57 ||   218
         Dagger            |       |   182 |   451 |   284 ||   917
  Throw: Dart              |       |       |       |    19 ||    19
         Javelin           |       |       |       |     1 ||     1
 Invoke: Stomp             |       |       |       |     1 ||     1
    Use: Potion            |       |       |     1 |     3 ||     4
         Scroll            |       |       |     7 |    12 ||    19
   Stab: Paralysed         |       |       |    10 |    21 ||    31
 Armour: Scale mail        |    32 |    61 |   147 |   144 ||   384
  Dodge: Dodged            |    29 |    77 |   190 |   131 ||   427
  Block: Buckler           |    16 |    19 |   100 |    97 ||   232
